 Dungeon Crawl Stone Soup version 0.30.1-11-g7821555f0a (webtiles) character file.

Game seed: 5908541525213449367

63 safid the Grasshopper (level 3, -6/32 HPs)
             Began as an Armataur Warper on Dec 14, 2023.
             Mangled by Robin
             ... wielding a +0 mace
              (10 damage)
             ... on level 3 of the Dungeon.
             The game lasted 00:02:59 (1498 turns).

safid the Grasshopper (Armataur Warper)             Turns: 1498, Time: 00:03:00

Health: -6/32      AC:  4    Str: 18    XL:     3   Next: 89%
Magic:  6/6        EV:  9    Int: 13    God:
Gold:   87         SH:  0    Dex:  9    Spells: 6/6 levels left

rFire   . . .        a - +0 falchion
rCold   . . .        (no shield)
rNeg    . . .        b - +0 leather armour
rPois   .            (no helmet)
rElec   .            (no cloak)
rCorr   .            (no gloves)
SInv    .            (no barding)
Will    .....        (no amulet)
Stlth   +            (no ring)
HPRegen 0.25/turn    (no ring)
MPRegen 0.10/turn

%: roll
@: no status effects
A: large, rugged brown scales 3, deformed body, armoured tail, roll, long
tongue, awkward tongue
a: no special abilities


You were on level 3 of the Dungeon.
You visited 1 branch of the dungeon, and saw 3 of its levels.

You collected 142 gold pieces.
You spent 55 gold pieces at shops.

Inventory:

Hand Weapons
 a - a +0 falchion (weapon)
Missiles
 d - 7 boomerangs of dispersal (quivered)
Armour
 b - a +0 leather armour (worn)
Jewellery
 k - a ring of positive energy
 l - a ring of ice
 p - a +6 ring of strength
Wands
 q - a wand of digging (8)
Scrolls
 c - a scroll of blinking
 g - a scroll of enchant weapon {unknown}
 h - a scroll of vulnerability {unknown}
 i - 3 scrolls of identify {unknown}
 m - 2 scrolls of teleportation {unknown}
 n - a scroll of fog {unknown}
 o - a scroll of enchant armour {unknown}
Potions
 e - a potion of mutation {unknown}
 f - a potion of haste {unknown}
 j - 2 potions of heal wounds


   Skills:
 + Level 2.4 Fighting
 - Level 1.7 Long Blades
 - Level 0.8 Throwing
 + Level 2.5 Armour
 - Level 1.3 Dodging
 + Level 2.3 Spellcasting
 + Level 3.4 Translocations


You had 6 spell levels left.
You didn't know any spells.
Your spell library contained the following spells:

 Spells                   Type           Power      Damage    Failure   Level
 Blink                    Tloc           20%        N/A       11%         2
 Lesser Beckoning         Tloc           20%        N/A       11%         2
 Gell's Gravitas          Tloc           10%        N/A       22%         3
 Teleport Other           Tloc           10%        N/A       22%         3
 Vhi's Electric Charge    Tloc/Air       12%        N/A       41%         3
 Manifold Assault         Tloc           10%        N/A       56%         4


Dungeon Overview and Level Annotations

Branches:
Dungeon (3/15)

Altars:

Shops:
D:1 !

Annotations:
D:3 Robin


Innate Abilities, Weirdness & Mutations

You are completely covered in rugged brown scales. (AC +3, +7% HP)
Armour fits poorly on your strangely shaped body.
You have a long armoured tail.
You roll when moving toward enemies. (Rampage)
Your long tongue fully drains potion bottles. (2x potion effects)
Your tongue gives you trouble enunciating. (1.5x scroll delay)


Message History

You barely miss the hobgoblin. The hobgoblin barely misses you.
Robin drinks a potion.
Robin seems to grow stronger.
The hobgoblin barely misses you.
Unknown command.
You hit the hobgoblin.
The hobgoblin is heavily wounded.
The hobgoblin no longer looks unusually strong.
The hobgoblin hits you.
* * * LOW HITPOINT WARNING * * *
Unknown command.
You hit the hobgoblin.
The hobgoblin is severely wounded.
The hobgoblin closely misses you.
Robin roars a battlecry!
The hobgoblin goes into a battle-frenzy!
Unknown command.
You hit the hobgoblin.
You kill the hobgoblin!
Unknown command.
You barely miss Robin. Robin hits you with a +0 mace.
* * * LOW HITPOINT WARNING * * *
Unknown command.
You slash Robin!
Your tail-slap misses Robin.
Robin is heavily wounded.
Robin closely misses you. Robin barely misses you.
Unknown command.
You barely miss Robin.
Robin is heavily wounded.
Robin hits you with a +0 mace.
* * * LOW HITPOINT WARNING * * *
Unknown command.
You closely miss Robin.
Robin is heavily wounded.
Robin flexes a bicep menacingly.
Robin barely misses you.
Unknown command.
You hit Robin.
Robin is heavily wounded.
Robin hits you with a +0 mace!
You die...

#.# #.# #.#
#.# #.###.#
#.###....<#
#....######
###.#.##
#...#.#
#.###.# #)#
#.# #@# #..
#g# .>. #.#
... #.#
.... #.#
#.# #.# ...


You could see Robin (strong).

Vanquished Creatures
  An adder (D:2)
  A dart slug (D:1)
  3 ball pythons (D:2)
  3 bats (D:2)
  An endoplasm (D:2)
  4 giant cockroaches
  11 goblins
  10 hobgoblins
  A frilled lizard (D:2)
  4 kobolds
  7 rats
46 creatures vanquished.

Notes
Turn   | Place    | Note
-------+----------+-------------------------------------------
     0 | D:1      | safid the Armataur Warper began the quest for the Orb.
     0 | D:1      | Reached XP level 1. HP: 18/18 MP: 3/3
    92 | D:1      | Found Peeclech's Distillery.
   142 | D:1      | Reached XP level 2. HP: 25/25 MP: 4/4
   481 | D:1      | HP: 1/25 [hobgoblin (4)]
   584 | D:1      | Bought a potion of heal wounds for 55 gold pieces
   802 | D:2      | Reached XP level 3. HP: 15/31 MP: 6/6
  1454 | D:3      | Noticed Robin
  1498 | D:3      | Mangled by Robin

Illustrated notes

Levels and vault maps discovered:
D:1:      dpeg_arrival_fog, layout_rooms, serial_shops,
          nicolae_shop_tiny_real_fake_doors, minmay_misc_feat_rugged
D:2:      layout_basic, dreamdust_princess_corridor
D:3:      layout_loops_ring, mainiacjoe_overflow_alcove_1,
          chequers_serial_rivers_micro_c, nicolae_shop_vocational, uniq_jessica,
          uniq_robin

Skill      XL: |  1  2 |
---------------+-------+-----
Fighting       | 2 |  2.4
Spellcasting   | 2 |  2.3
Armour         | 2 |  2.5
Long Blades    | |  1.7
Throwing       | |  0.8
Dodging        | |  1.3
Translocations | |  3.4

Action                     || total
---------------------------++-------
  Melee: Falchion          ||   188
         Tailslap          ||    18
    Use: Potion            ||     2
 Armour: Leather armour    ||    91
  Dodge: Dodged            ||   108
